 Dungeon Crawl Stone Soup version 0.19.1-1-g22dce08 (webtiles) character file.

49 Jynx the Firebug (level 3, -2/19 HPs)
             Began as a Tengu Fire Elementalist on Jan 16, 2017.
             Slain by Terence
             ... wielding a +0 mace
              (8 damage)
             ... on level 2 of the Dungeon.
             The game lasted 00:02:29 (1501 turns).

Jynx the Firebug (Tengu Fire Elementalist)          Turns: 1501, Time: 00:02:30

Health: -2/19      AC:  2    Str:  8    XL:     3   Next: 75%
Magic:  3/7        EV: 12    Int: 16    God:
Gold:   46         SH:  0    Dex: 14    Spells: 1 memorised, 6 levels left

rFire  . . .     SeeInvis .     h - +0 short sword
rCold  . . .     Gourm    .     a - +0 robe
rNeg   . . .     Faith    .     (no shield)
rPois  .         Spirit   .     (helmet restricted)
rElec  .         Reflect  .     (no cloak)
rCorr  .         Harm     .     (no gloves)
MR     .....                    (boots unavailable)
Stlth  ++........               (no amulet)
                                (no ring)
                                (no ring)

@: no status effects
A: beak, talons 3
a: no special abilities


You were on level 2 of the Dungeon.
You were hungry.

You visited 1 branch of the dungeon, and saw 2 of its levels.

You collected 46 gold pieces.

Inventory:

Hand Weapons
 h - a +0 short sword (weapon)
Armour
 a - a +0 robe (worn)
Scrolls
 f - a scroll of blinking {unknown}
 g - a scroll of enchant armour {unknown}
 i - a scroll of fear {unknown}
 j - a scroll of identify {unknown}
Potions
 d - a potion of heal wounds {unknown}
 e - 2 potions of cure mutation {unknown}
 k - a potion of magic {unknown}
 m - a potion of curing {unknown}
 o - a potion of resistance {unknown}
 p - a potion of degeneration {unknown}
Books
 b - a book of Flames

   Spells                             Type                      Level
   a - Flame Tongue                   Conjuration/Fire             1
   b - Throw Flame                    Conjuration/Fire             2
   c - Conjure Flame                  Conjuration/Fire             3
   d - Inner Flame                    Hexes/Fire                   3
   e - Sticky Flame                   Conjuration/Fire             4
   f - Fireball                       Conjuration/Fire             5
Comestibles
 c - a bread ration
 l - a beef jerky
 n - a chunk of flesh


   Skills:
 - Level 2.1 Dodging
 - Level 2.0 Stealth
 + Level 2.5 Spellcasting
 + Level 2.5 Conjurations
 * Level 4.1 Fire Magic


You had 6 spell levels left.
You knew the following spells:

 Your Spells              Type           Power        Failure   Level  Hunger
a - Flame Tongue          Conj/Fire      ##...        6%          1    #......


Dungeon Overview and Level Annotations

Branches:
Dungeon (2/15)

Altars:
Dithmenos
Nemelex Xobeh
Uskayaw

Annotations:
D:2 Terence


Innate Abilities, Weirdness & Mutations

You have a beak for a mouth.
You have claws for feet.


Message History

Confirm with . or Enter, or press ? or * to list all spells.
Okay, then.
Okay, then.
Unknown command.
Sorry, you're not good enough to have a special ability.
Casting: Flame Tongue
Confirm with . or Enter, or press ? or * to list all spells.
You can't see any susceptible monsters within range! (Use Z to cast anyway.)
Casting: Flame Tongue
Confirm with . or Enter, or press ? or * to list all spells.
Okay, then.
Unknown command.
Casting: Flame Tongue
Confirm with . or Enter, or press ? or * to list all spells.
Aiming: Flame Tongue
Press: ? - help, Shift-Dir - straight line Terence appears from thin air!
Reactivating autopickup.
Terence hits you with a mace!
You die...

.......#..§.§§...........#
#....(##...§§§.#.........#
###.####.##§§....##.....##
.........##§§§....##...##
...####.###)..........###########
...# #.##...#..#.###............
...# #.##..#..##.# ######.......
...####.##..#.###.#### #†####..
...#...........@@....# #.#
..##.....#....###.#### ##.## .
.######.##.#.## #)#######...###..
## #.......# ##........._......
###......####......###...#####
#....#...# #.......# ##.##
#...##..####.......# #.#
######.............# #.#
#.######......(....#


You could see Terence.

Vanquished Creatures
  An ooze (D:2)
  2 dart slugs (D:1)
  A leopard gecko (D:2)
  2 giant cockroaches
  3 goblins (D:2)
  2 hobgoblins
  7 kobolds
  2 quokkas (D:1)
  4 bats (D:2)
  5 frilled lizards
  13 rats
42 creatures vanquished.

Notes
Turn   | Place    | Note
-------+----------+-------------------------------------------
     0 | D:1      | Jynx the Tengu Fire Elementalist began the quest for the Orb.
     0 | D:1      | Reached XP level 1. HP: 10/10 MP: 4/4
   217 | D:1      | Reached XP level 2. HP: 15/15 MP: 4/6
   924 | D:1      | Reached XP level 3. HP: 19/19 MP: 5/7
  1101 | D:2      | Found a sparkling altar of Nemelex Xobeh.
  1155 | D:2      | Reached skill level 4 in Fire Magic
  1307 | D:2      | Found a shadowy altar of Dithmenos.
  1370 | D:2      | Found a hide-covered altar of Uskayaw.
  1465 | D:2      | Noticed Terence
  1501 | D:2      | Slain by Terence

Skill      XL: |  1  2  3 |
---------------+----------+-----
Conjurations   | 2 |  2.5
Fire Magic     | 4 |  4.1
Dodging        | |  2.1
Stealth        | |  2.0
Spellcasting   | |  2.5

Action                   || total
-------------------------++-------
Melee: Unarmed           ||     1
       Short sword       ||     3
       Peck              ||     2
 Cast: Flame Tongue      ||    69
  Eat: Chunk             ||     2
Armor: Robe              ||     6
Dodge: Dodged            ||    11
